 Dungeon Crawl Stone Soup version 0.27-a0-668-gb5737ff2c0 (webtiles) character file.

Game seed: 13785872456135141781

14 rageheart7 the Magician (level 2, -6/24 HPs)
             Began as a Demonspawn Wanderer on Mar 17, 2021.
             Mangled by a gnoll
             ... wielding a +2 flail of protection
              (12 damage)
             ... on level 1 of the Dungeon.
             The game lasted 00:01:51 (1286 turns).

rageheart7 the Magician (Demonspawn Wanderer)       Turns: 1286, Time: 00:01:52

Health: -6/24      AC:  2    Str: 11    XL:     2   Next: 31%
Magic:  0/6        EV: 11    Int: 13    God:
Gold:   44         SH:  0    Dex: 13    Spells: 5/7 levels left

rFire    . . .     SeeInvis .   a - +0 dagger
rCold    . . .     Faith    .   (no shield)
rNeg     . . .     Spirit   .   d - +0 robe
rPois    .         Reflect  .   (no helmet)
rElec    .         Harm     .   (no cloak)
rCorr    .         Rampage  .   (no gloves)
Will     .....                  (no boots)
Stlth    +.........             (no amulet)
HPRegen  0.08/turn              (no ring)
MPRegen  0.10/turn              (no ring)

@: no status effects
A: ignite blood 1
a: no special abilities


You were on level 1 of the Dungeon.
You visited 1 branch of the dungeon, and saw 1 of its levels.

You collected 44 gold pieces.

Inventory:

Hand Weapons
 a - a +0 dagger (weapon)
Armour
 d - a +0 robe (worn)
Scrolls
 c - a scroll of teleportation
 e - a scroll of amnesia {unknown}
 f - a scroll of silence {unknown}
Potions
 b - a potion of heal wounds {unknown}


   Skills:
 * Level 3.2 Fighting
 * Level 3.4 Spellcasting
 + Level 2.3 Necromancy
 - Level 2.0 Evocations


You had 5 spell levels left.
You knew the following spells:

 Your Spells              Type           Power      Damage    Failure   Level
a - Pain                  Necr           32%        1d5       9%          1
b - Animate Skeleton      Necr           16%        N/A       9%          1

Your spell library contained the following spells:

 Spells                   Type           Power      Damage    Failure   Level
 Foxfire                  Conj/Fire      8%         2x1d4     22%         1
 Vampiric Draining        Necr           4%         2d6       26%         3
 Conjure Flame            Conj/Fire      2%         6-21      54%         3
 Animate Dead             Necr           4%         N/A       63%         4
 Agony                    Necr           8%         N/A       93%         5


Dungeon Overview and Level Annotations

Branches:
Dungeon (1/15)

Altars:


Innate Abilities, Weirdness & Mutations

Your demonic aura sometimes causes spilled blood to erupt in flames


Message History

The gnoll struggles to resist.
Casting: Pain (safe; 9% risk of failure)
Confirm with . or Enter, or press ? or * to list all spells.
Aiming: Pain (safe; 9% risk of failure)
Press: ? - help, Shift-Dir - straight line, f/p - gnoll
Aim: a gnoll, wielding a +2 flail of protection (moderately wounded, chance to affect: 66%)
The gnoll writhes in agony.
The gnoll closely misses you.
Casting: Pain (safe; 9% risk of failure)
Confirm with . or Enter, or press ? or * to list all spells.
Aiming: Pain (safe; 9% risk of failure)
Press: ? - help, Shift-Dir - straight line, f/p - gnoll
Aim: a gnoll, wielding a +2 flail of protection (severely wounded, chance to affect: 66%)
The gnoll writhes in agony.
The gnoll hits you with a +2 flail of protection!
Casting: Pain (safe; 9% risk of failure)
Confirm with . or Enter, or press ? or * to list all spells.
Aiming: Pain (safe; 9% risk of failure)
Press: ? - help, Shift-Dir - straight line, f/p - gnoll
Aim: a gnoll, wielding a +2 flail of protection (almost dead, chance to affect: 66%)
The gnoll struggles to resist.
The gnoll misses you.
Your magical contamination has completely faded away.
There is an open door here.
The gnoll barely misses you.
Casting: Pain (safe; 9% risk of failure)
Confirm with . or Enter, or press ? or * to list all spells.
Aiming: Pain (safe; 9% risk of failure)
Press: ? - help, Shift-Dir - straight line, f/p - gnoll
Aim: a gnoll, wielding a +2 flail of protection (almost dead, chance to affect: 66%)
The gnoll struggles to resist.
The gnoll hits you with a +2 flail of protection.
* * * LOW HITPOINT WARNING * * *
Casting: Pain (safe; 9% risk of failure)
Confirm with . or Enter, or press ? or * to list all spells.
Aiming: Pain (safe; 9% risk of failure)
Press: ? - help, Shift-Dir - straight line, f/p - gnoll
Aim: a gnoll, wielding a +2 flail of protection (severely wounded, chance to affect: 66%)
The gnoll struggles to resist.
The gnoll hits you with a +2 flail of protection!
Ouch! That really hurt!
You die...

#..........#####
##'#######...... #.#
#.##### #.# #.#....
#.# #.#.#.. #######.#
#.#.#.# #.......#
#.#....
##.#############.###.#
#...g@.†......##......
#############.######.#
#.# #.# #.# #.# #.#
#.# #.######.#
#........# ########.#
###


You could see a gnoll.

Vanquished Creatures
  An ooze (D:1)
  A dart slug (D:1)
  A hobgoblin (D:1)
  2 quokkas (D:1)
  A bat (D:1)
  2 kobolds (D:1)
  A rat (D:1)
9 creatures vanquished.

Notes
Turn   | Place    | Note
-------+----------+-------------------------------------------
     0 | D:1      | rageheart7 the Demonspawn Wanderer began the quest for the
                  | Orb.
     0 | D:1      | rageheart7 set off with the following items: a +0 dagger, a
                  | scroll of teleportation, a +0 robe; and the following
                  | spells available to memorise: Animate Skeleton, Pain,
                  | Foxfire, Vampiric Draining, Conjure Flame, Animate Dead,
                  | Agony
     0 | D:1      | Reached XP level 1. HP: 18/18 MP: 4/4
     2 | D:1      | Learned a level 1 spell: Pain
     4 | D:1      | Learned a level 1 spell: Animate Skeleton
   867 | D:1      | Gained mutation: Your demonic aura sometimes causes spilled
                  | blood to erupt in flames [demonic ancestry]
   867 | D:1      | Reached XP level 2. HP: 6/24 MP: 0/6
  1286 | D:1      | Mangled by a gnoll

Illustrated notes

Levels and vault maps discovered:
D:1:      matt_arrival_grand_opening, layout_basic, serial_shops,
          shop_fountains, shop, nicolae_shop_stone

Action                   || total
-------------------------++-------
Melee: Dagger            ||    25
 Cast: Pain              ||    23
       Animate Skeleton  ||     4
Armor: Robe              ||     9
Dodge: Dodged            ||    31

Table legend: (Time is in decaauts)
 A = Elapsed time spent in this place.
 B = Non-inter-level travel time spent in this place.
 C = Inter-level travel time spent in this place.
 D = Time resting spent in this place.
 E = Time spent auto-exploring this place.
 F = Levels seen in this place.
 G = Mean time per level.
                   A        B        C        D        E       F      G
               +--------+--------+--------+--------+--------+-----+--------+
         Total |   1286 |   1286 |      0 |    824 |    339 |   1 | 1286.0 |
       Dungeon |   1286 |   1286 |      0 |    824 |    339 |   1 | 1286.0 |
               +--------+--------+--------+--------+--------+-----+--------+

Top non-repeatable levels by time:
     D:1: 1286 daAuts
